AoeStats
← Baldassarre Cossa

Black Forest

506899655Analyzed
4v4 RM · 15d ago on Sep 15, 2026· 40m 28s· 8 players
Game mode
Random Map
Map size
Large (8 player)
Population
200
Speed
Normal
Resources
Standard
Victory
Conquest
Starting age
Dark Age
Ending age
Imperial Age
RankedLock teamsTeams togetherTeam positionsShared explorationLock speedFull tech treeHidden civsTurbo modeCheats
Victory
Defeat
🇹🇷 Turks · Türkiye
646
+11
🇮🇹 Bohemians · Italy
639
+11
🇲🇽 Ethiopians · Mexico
606
+12
🇨🇱 Italians · Chile
493
+16
🇪🇸 Franks · Spain
561
-14
🇨🇭 Inca · Switzerland
549
-14
🇨🇿 Teutons · Czechia
489
-11
🇦🇩 Burgundians · Andorra
483
-11
tiasma09
19:01 Feudal Age
19:31 Town Watch
20:21 Wheelbarrow
19:32 Loom
19:33 Horse Collar
21:45 Double-Bit Axe
21:52 Gold Mining
29:08 Castle Age
27:45 Stone Mining
30:15 Hand Cart
30:00 Town Patrol
38:03 Fortified Wall
A
0:33 Loom
16:06 Feudal Age
16:37 Double-Bit Axe
16:52 Man-at-Arms
18:23 Gold Mining
23:40 Stone Mining
26:23 Castle Age
25:24 Scale Mail Armor
25:35 Forging
25:31 Scale Barding Armor
27:31 Bow Saw
27:32 Fletching
27:38 Elite Skirmisher
29:39 Husbandry
30:25 Bodkin Arrow
34:01 Ballistics
33:15 Light Cavalry
34:56 Wheelbarrow
37:34 Hand Cart
38:18 Chain Barding Armor
38:06 Long Swordsman
38:32 Gambesons
42:24 Imperial Age
39:51 Town Watch
helenedu92
1:12 Loom
11:25 Wheelbarrow
16:06 Feudal Age
15:38 Double-Bit Axe
15:37 Horse Collar
19:52 Hand Cart
19:23 Town Watch
22:40 Bow Saw
25:20 Heavy Plow
28:51 Castle Age
27:37 Gold Mining
27:37 Stone Mining
29:19 Gold Shaft Mining
30:53 Caravan
31:14 Husbandry
32:53 Town Patrol
33:41 Guilds
38:32 Fletching
38:53 Forging
38:49 Scale Barding Armor
41:27 Imperial Age
39:42 Masonry
39:28 Murder Holes
39:55 Ballistics
Baldassarre Cossa
15:53 Feudal Age
16:40 Double-Bit Axe
16:48 Gold Mining
16:49 Stone Mining
16:42 Horse Collar
19:09 Wheelbarrow
18:20 Loom
22:33 Town Watch
22:48 Fletching
22:59 Padded Archer Armor
32:36 Castle Age
32:06 Forging
31:57 Scale Mail Armor
33:41 Hand Cart
37:12 Town Patrol
38:08 Elite Skirmisher
42:36 Imperial Age
LOLLYCT 85
10:01 Feudal Age
15:52 Castle Age
24:37 Horse Collar
24:48 Double-Bit Axe
25:12 Loom
27:14 Heavy Plow
27:35 Bow Saw
33:54 Imperial Age
33:08 Wheelbarrow
34:33 Chemistry
34:43 Hand Cart
37:08 Conscription
37:57 Hussite Reforms
39:10 Wagenburg Tactics
38:41 Elite Hussite Wagon
ErAser
0:46 Loom
12:51 Feudal Age
13:41 Horse Collar
13:49 Double-Bit Axe
16:56 Gold Mining
21:24 Wheelbarrow
20:38 Town Watch
20:47 Stone Mining
23:25 Castle Age
24:19 Padded Archer Armor
24:10 Fletching
26:42 Gold Shaft Mining
26:20 Bow Saw
26:12 Heavy Plow
26:58 Caravan
28:00 Leather Archer Armor
27:40 Bodkin Arrow
28:11 Treadmill Crane
31:48 Imperial Age
31:10 Hand Cart
30:56 Town Patrol
32:08 Ballistics
32:42 Elite Janissary
34:47 Two-Man Saw
34:35 Conscription
38:13 Ring Archer Armor
AirFox
0:32 Loom
14:01 Feudal Age
22:50 Castle Age
23:37 Horse Collar
24:25 Stone Mining
25:11 Gold Mining
25:11 Double-Bit Axe
26:49 Stone Shaft Mining
30:00 Heavy Plow
30:13 Bow Saw
30:08 Town Watch
30:59 Wheelbarrow
36:40 Imperial Age
36:23 Town Patrol
36:39 Hand Cart
38:31 Forging
38:32 Fletching
38:59 Padded Archer Armor
38:39 Crossbowman
40:50 Iron Casting
40:12 Bodkin Arrow
40:24 Scale Barding Armor
40:56 Thumb Ring
davidquiroz302
0:40 Loom
13:15 Feudal Age
23:01 Castle Age
22:35 Double-Bit Axe
23:22 Stone Mining
30:11 Scale Mail Armor
30:21 Forging
31:59 Squires
31:45 Arson
31:58 Horse Collar
37:26 Wheelbarrow
37:19 Heavy Plow
42:10 Imperial Age
Connection lost

Rejoining the realm…

Still unreachable

The connection could not be restored.

Session expired

The server has moved on; the page needs a fresh start.